Map: 瑟拉斯废墟

Players

iGXiGua - Winner!

  • Race: Zerg Zerg
  • League: Master

ZooWhaleTail

  • Race: Zerg Zerg
  • League: Master

Event: GPL 2015 - Grand Finals

VOD

Have the link to the VOD?

Description

Time

  • Played on: Jan. 24, 2016, 12:08 a.m.
  • Length: 9:11

All games in this series

Show
View Real Time Build Order
Export as new Build Order

iGXiGua Zerg - Winner!

Build Orders: Hatch First, Zergling Baneling 

Get SALT Encoding   

  12  0:00  Drone  
  13  0:08  Drone  
  14  0:17  Overlord  
  14  0:21  Extractor  
  14  0:23  Drone  
  15  0:35  Drone x2  
  17  0:53  Hatchery  
  17  0:57  Drone  
  17  1:00  Drone  
  18  1:05  Extractor  
  17  1:17  Spawning Pool  
  16  1:20  Drone  
  16  1:24  Drone  
  18  1:28  Drone  
  19  1:37  Overlord  
  19  2:03  Queen  
  19  2:04  Zergling x4  
  19  2:05  Metabolic Boost  
  23  2:09  Queen  
  23  2:14  Drone  
  26  2:20  Drone x2  
  28  2:29  Baneling Nest  
  27  2:33  Drone x2  
  27  2:36  Drone  
  30  2:42  Overlord  
  30  2:51  Drone x2  
  32  2:59  Zergling x4  
  33  3:13  Roach Warren, Zergling x10  
  33  3:18  Overlord  
  37  3:24  Overlord  
  37  3:26  Baneling  
  37  3:27  Drone  
  38  3:34  Baneling x2  
  38  3:38  Drone x2  
  38  3:40  Zergling x4  
  42  3:48  Drone  
  42  3:53  Baneling x2, Roach x2  
  42  3:55  Roach  
  48  3:59  Roach  
  52  4:02  Roach  
  52  4:06  Overlord  
  51  4:10  Roach  
  51  4:13  Overlord  
  50  4:18  Overlord  
  50  4:19  Overlord  
  48  4:33  Hatchery  
  48  4:36  Baneling x3  
  47  4:42  Zergling x6  
  50  4:46  Zergling x4  
  50  4:49  Zergling x2  
  51  4:55  Zergling x6  
  54  5:02  Zergling x4  
  56  5:08  Drone  
  56  5:11  Drone  
  56  5:15  Drone x5  
  56  5:16  Drone  
  56  5:20  Extractor  
  61  5:26  Drone x2  
  63  5:42  Lair, Drone x4  
  66  5:44  Drone x3  
  66  5:45  Evolution Chamber  
  66  5:47  Drone  
  69  5:54  Queen  
  71  5:57  Extractor  
  70  6:05  Drone x5  
  70  6:11  Drone  
  74  6:12  Zerg Missile Weapons Level 1  
  74  6:17  Drone x7  
  78  6:21  Roach  
  80  6:27  Roach  
  80  6:30  Roach x2  
  86  6:33  Extractor  
  86  6:39  Roach  
  91  6:40  Roach x2  
  91  6:41  Glial Reconstitution  
  91  6:45  Overseer  
  91  6:52  Roach  
  91  6:53  Roach x3, Overlord  
  97  6:55  Overlord  
  97  6:56  Overlord  
  96  7:02  Roach, Overlord x2  
  96  7:08  Queen  
  98  7:09  Roach  
  98  7:10  Overlord x2  
  98  7:12  Roach  
  98  7:14  Roach  
  98  7:15  Roach  
  104  7:18  Roach  
  104  7:21  Roach  
  104  7:22  Roach  
  110  7:26  Roach x2  
  114  7:33  Roach x2  
  114  7:34  Roach x2  
  124  7:37  Roach  
  124  7:40  Roach  
  124  7:41  Roach  
  127  7:45  Roach x2  
  127  7:46  Roach x2  
  127  7:48  Roach  
  127  7:51  Roach x2  
  136  7:53  Roach  
  136  7:58  Roach x3  
  143  8:07  Roach  
  143  8:08  Roach x4  
  143  8:09  Overlord  
  153  8:19  Overlord  
  143  8:28  Roach x2  
  143  8:31  Roach  
  143  8:33  Roach  
  135  8:34  Roach  
  135  8:37  Roach  
  135  8:39  Roach  
  129  8:44  Roach x2  
  129  8:45  Extractor  
  129  8:46  Roach  
  129  8:48  Roach  
  120  8:49  Roach  
Show
View Real Time Build Order
Export as new Build Order

ZooWhaleTail Zerg 

Build Orders: Hatch First 

Get SALT Encoding   

  12  0:01  Drone  
  13  0:12  Overlord  
  13  0:17  Drone  
  14  0:30  Drone x2  
  14  0:34  Drone  
  17  0:52  Hatchery  
  17  0:55  Drone  
  17  0:58  Extractor  
  17  1:01  Drone  
  17  1:16  Spawning Pool  
  16  1:19  Drone  
  16  1:22  Drone  
  18  1:28  Drone  
  19  1:39  Overlord  
  19  2:03  Zergling x4, Queen  
  19  2:04  Metabolic Boost  
  23  2:09  Queen  
  23  2:13  Drone  
  26  2:17  Drone  
  27  2:24  Drone x2  
  29  2:30  Baneling Nest  
  29  2:35  Drone x2  
  30  2:43  Queen  
  32  2:52  Overlord  
  32  2:55  Drone, Zergling x2  
  32  2:58  Zergling x2  
  35  2:59  Zergling x2  
  36  3:09  Overlord  
  36  3:11  Zergling x2  
  37  3:14  Zergling x4  
  40  3:20  Zergling x6  
  40  3:25  Baneling x2  
  40  3:26  Baneling x2  
  42  3:29  Overlord  
  42  3:35  Drone  
  42  3:36  Drone x2  
  44  3:47  Zergling x2  
  44  3:48  Zergling x2  
  46  3:55  Zergling x4  
  46  3:56  Zergling x2  
  46  3:59  Drone x3  
  51  4:04  Drone  
  52  4:13  Drone x2  
  48  4:20  Drone  
  48  4:21  Drone  
  48  4:22  Drone x3  
  50  4:30  Spine Crawler  
  48  4:32  Spine Crawler  
  48  4:33  Zergling x4, Spine Crawler  
  48  4:37  Baneling x3  
  48  4:42  Roach Warren, Extractor  
  46  4:48  Zergling x4  
  47  5:12  Drone x3  
  47  5:13  Lair, Drone  
  47  5:14  Drone x4  
  52  5:15  Extractor  
  52  5:20  Evolution Chamber  
  50  5:25  Queen  
  51  5:30  Drone x2  
  51  5:31  Drone  
  54  5:40  Drone  
  54  5:44  Hatchery  
  54  5:45  Zerg Missile Weapons Level 1, Overlord x2  
  52  5:55  Overlord  
  52  5:56  Roach, Overlord  
  56  5:57  Roach  
  56  5:58  Roach  
  58  6:07  Roach  
  58  6:11  Roach x4  
  68  6:24  Glial Reconstitution  
  68  6:25  Overlord  
  68  6:27  Roach x4  
  76  6:35  Drone x2  
  76  6:36  Drone x2  
  76  6:37  Extractor  
  79  6:45  Roach x2  
  83  6:47  Roach  
  83  6:49  Roach x3  
  88  7:00  Overlord  
  86  7:02  Drone x4  
  86  7:06  Overseer  
  90  7:08  Queen  
  90  7:10  Drone x2  
  90  7:12  Drone  
  94  7:20  Ravager x2  
  94  7:21  Ravager x2  
  98  7:23  Overlord  
  98  7:24  Drone x3  
  98  7:25  Drone  
  98  7:28  Drone x2  
  104  7:37  Drone x2  
  106  7:45  Drone  
  104  7:53  Extractor  
  104  7:55  Extractor  
  98  7:59  Drone  
  98  8:00  Drone x3  
  98  8:01  Drone, Overlord x2  
  98  8:03  Roach x4  
  98  8:04  Roach x2  
  115  8:09  Roach  
  117  8:15  Roach x2  
  121  8:23  Roach  
  121  8:26  Roach  
  118  8:30  Roach  
  103  8:34  Roach  
  103  8:35  Roach x2  
  103  8:38  Roach x4  
  103  8:39  Roach  
  103  8:40  Roach  
  112  8:42  Roach  
  112  8:44  Roach x2  
  100  8:49  Roach x2  
  100  8:50  Roach  
Tags
 
Add a new tag
Caveats
  • Supply blocks, unpowered buildings, or Contaminate may cause inaccurate times.
  • Supply counts are checked every 10 seconds.